 Dungeon Crawl Stone Soup version 0.29.0-13-gc9e81de378 (webtiles) character file.

Game seed: 5203818061772391852

1211 smilodon the Trooper (level 8, -2/61 HPs)
             Began as a Demonspawn Fighter on Sept 9, 2022.
             Slain by a water moccasin (7 damage)
             ... on level 4 of the Dungeon.
             The game lasted 00:08:50 (4324 turns).

smilodon the Trooper (Demonspawn Fighter)           Turns: 4324, Time: 00:08:51

Health: -2/61      AC:  5    Str: 16    XL:     8   Next: 22%
Magic:  8/8        EV: 16    Int: 16    God:
Gold:   165        SH:  4    Dex: 11    Spells: 4/8 levels left

rFire   x . .      SeeInvis .   m - +3 hand axe (vorpal)
rCold   + . .      Faith    .   c - +0 buckler
rNeg    . . .      Spirit   .   g - +0 leather armour {Will+}
rPois   .          Reflect  .   (no helmet)
rElec   .          Harm     .   (no cloak)
rCorr   .          Rampage  .   (no gloves)
Will    +....      Clarity  +   (no boots)
Stlth   +.........              s - amulet of magic regeneration
HPRegen 0.20/turn               f - ring of ice
MPRegen 0.62/turn               k - +4 ring of evasion

@: lethally poisoned (-2 -> -16), about to teleport
A: hooves 2, magic regeneration, sharp scales 2, claws 1, clarity, clever 1
a: no special abilities


You were on level 4 of the Dungeon.
You visited 1 branch of the dungeon, and saw 5 of its levels.

You collected 165 gold pieces.

Inventory:

Hand Weapons
 a - a +0 trident
 m - a +3 vorpal hand axe (weapon)
Missiles
 d - 3 boomerangs
 i - a throwing net (quivered)
Armour
 b - a +0 scale mail
 c - a +0 buckler (worn)
 g - a +0 leather armour of willpower (worn)
Jewellery
 e - a ring of poison resistance
 f - a ring of ice (left claw)
 k - a +4 ring of evasion (right claw)
 r - a ring of magical power
 s - an amulet of magic regeneration (around neck)
Scrolls
 j - 4 scrolls of fog
 l - a scroll of magic mapping
 n - a scroll of amnesia
 o - a scroll of immolation {unknown}
 q - 2 scrolls of teleportation
 t - a scroll of identify
Potions
 h - 2 potions of cancellation


   Skills:
 + Level 4.9 Fighting
 * Level 3.3(3.9) Axes
 - Level 2.8(3.6) Polearms
 + Level 4.3 Armour
 * Level 4.6 Dodging
 + Level 4.3 Shields
 + Level 0.5 Spellcasting
 + Level 0.4 Ice Magic


You had 4 spell levels left.
You knew the following spells:

 Your Spells              Type           Power      Damage    Failure   Level
a - Freeze                Ice            8%         1d3       32%         1
b - Ozocubu's Armour      Ice            2%         N/A       67%         3

Your spell library contained the following spells:

 Spells                   Type           Power      Damage    Failure   Level
 Foxfire                  Conj/Fire      0%         2x1d4     36%         1
 Call Imp                 Summ           0%         N/A       50%         2
 Conjure Flame            Conj/Fire      0%         6-21      75%         3
 Inner Flame              Hex/Fire       0%         N/A       75%         3
 Flame Wave               Conj/Fire      0%         2d4       98%         4
 Summon Cactus Giant      Summ           0%         N/A       100%        6
 Ozocubu's Refrigeration  Ice            1%         4d7       100%        7


Dungeon Overview and Level Annotations

Branches:
Dungeon (5/15)
 Temple: D:4-7

Altars:
Nemelex Xobeh

Annotations:
D:3 1 runed translucent door


Innate Abilities, Weirdness & Mutations

You have hoof-like feet.
You regenerate magic rapidly.
You are mostly covered in razor-sharp scales. (AC +2, Slay +2)
You have sharp fingernails.
You possess an exceptional clarity of mind.
Your mind is acute. (Int +4, Str/Dex -1)


Message History

The water moccasin attacks as you move away!
The water moccasin bites you.
* * * LOW HITPOINT WARNING * * *
Your magical contamination has completely faded away.
You feel better. The water moccasin barely misses you.
Casting: Freeze (safe; 32% risk of failure)
Confirm with . or Enter, or press ? or * to list all spells.
Aiming: Freeze (safe; 32% risk of failure)
Press: ? - help, Shift-Dir - straight line, f/p - water moccasin
Aim: a water moccasin (moderately wounded)
You feel a surge of power!
You freeze the water moccasin.
The water moccasin is heavily wounded.
The water moccasin seems to slow down.
The water moccasin barely misses you.
Casting: Freeze (safe; 32% risk of failure)
Confirm with . or Enter, or press ? or * to list all spells.
Aiming: Freeze (safe; 32% risk of failure)
Press: ? - help, Shift-Dir - straight line, f/p - water moccasin
Aim: a water moccasin (heavily wounded, slow)
You feel a surge of power!
You freeze the water moccasin.
The water moccasin is heavily wounded.
The water moccasin bites you but does no damage.
Casting: Freeze (safe; 32% risk of failure)
Confirm with . or Enter, or press ? or * to list all spells.
Aiming: Freeze (safe; 32% risk of failure)
Press: ? - help, Shift-Dir - straight line, f/p - water moccasin
Aim: a water moccasin (heavily wounded, slow)
You feel a surge of power!
You freeze the water moccasin.
The water moccasin is heavily wounded.
The water moccasin bites you!
* * * LOW HITPOINT WARNING * * *
You are lethally poisoned!
The water moccasin poisons you!
Okay, then.
Okay, then.
As you read the scroll of teleportation, it crumbles to dust.
You feel strangely unstable.
* * * LOW HITPOINT WARNING * * *
You feel very sick. The water moccasin bites you!
You die...

# ##### # ### #...## ## ###.#
#....# #. #...####..### #####
###. ##......#..#.### ##...###...
##...(......[>..# #......#...
#..........[..).##### ##.....#.##
#.........#####S@...###.........#
......#####...#####.##.........#.
......+....._.....'.##...###...#.
......#####...#####.....†........
..........#####..............##..
..........................#####..
............###...........######.
.............##..............##..
.................#...........#...


You could see a water moccasin (slow).

Vanquished Creatures
  Pikel (D:4)
  Sigmund (D:2)
  A centaur (D:3)
  A kobold brigand (D:3)
  A necrophage (D:4)
  A scorpion (D:4)
  A hound (D:4)
  An iguana (D:4)
  An orc wizard (D:4)
  The ghost of Ofeo the Firebug, a weakling MeFE (D:3)
  A gnoll (D:4)
  10 adders
  An ufetubus (D:5)
  4 worms
  3 dart slugs
  An orc (D:4)
  7 bats
  6 endoplasms
  4 giant cockroaches
  9 hobgoblins
  2 jackals (D:1)
  12 kobolds
  10 ball pythons
  A frilled lizard (D:3)
  2 goblins
  8 rats
91 creatures vanquished.

Notes
Turn   | Place    | Note
-------+----------+-------------------------------------------
     0 | D:1      | smilodon the Demonspawn Fighter began the quest for the
                  | Orb.
     0 | D:1      | Reached XP level 1. HP: 18/18 MP: 1/1
   437 | D:1      | Gained mutation: You have large cloven feet. [demonic
                  | ancestry]
   437 | D:1      | Reached XP level 2. HP: 24/24 MP: 2/2
  1077 | D:2      | Reached XP level 3. HP: 29/29 MP: 3/3
  1088 | D:2      | Reached skill level 1 in Dodging
  1308 | D:2      | Gained mutation: You are partially covered in razor-sharp
                  | scales. (AC +1, Slay +1) [demonic ancestry]
  1308 | D:2      | Reached XP level 4. HP: 35/35 MP: 4/4
  1416 | D:2      | Found a faded altar of an unknown god.
  1580 | D:2      | Noticed Sigmund
  1593 | D:2      | Gained mutation: You possess an exceptional clarity of
                  | mind. [potion of mutation]
  1593 | D:2      | Gained mutation: You have hoof-like feet. [potion of
                  | mutation]
  1593 | D:2      | Gained mutation: You have sharp fingernails. [potion of
                  | mutation]
  1593 | D:2      | Gained mutation: Your mind is acute. (Int +4, Str/Dex -1)
                  | [potion of mutation]
  1595 | D:2      | Killed Sigmund
  1596 | D:2      | Reached XP level 5. HP: 6/42 MP: 5/5
  2556 | D:3      | Found a runed translucent door.
  2561 | D:3      | Noticed Ofeo's ghost (weakling MeFE)
  2600 | D:3      | Reached XP level 6. HP: 48/48 MP: 6/6
  2605 | D:3      | Killed Ofeo's ghost
  2614 | D:3      | Found a runed translucent door.
  2678 | D:3      | Got Xaum's Codex of the Snowy Escort
  2720 | D:3      | Reached skill level 1 in Axes
  3407 | D:4      | Gained mutation: You regenerate magic rapidly. [demonic
                  | ancestry]
  3407 | D:4      | Reached XP level 7. HP: 39/54 MP: 7/7
  3488 | D:4      | Noticed Pikel
  3508 | D:4      | Killed Pikel
  3509 | D:4      | Gained mutation: You are mostly covered in razor-sharp
                  | scales. (AC +2, Slay +2) [demonic ancestry]
  3509 | D:4      | Reached XP level 8. HP: 26/61 MP: 8/8
  3699 | D:4      | Learned a level 1 spell: Freeze
  3925 | D:4      | Found a sparkling altar of Nemelex Xobeh.
  4148 | D:5      | Entered Level 5 of the Dungeon
  4177 | D:5      | Learned a level 3 spell: Ozocubu's Armour
  4324 | D:4      | Slain by a water moccasin

Illustrated notes

Levels and vault maps discovered:
D:1:      lemuel_arrival_room, layout_basic
D:2:      layout_loops_cross, chequers_ecumenical_altar_twisty,
          nicolae_elevator_lobby_asterisk, uniq_sigmund
D:3:      cheibrodos_thug_alley, layout_loops_ring, ebering_ghost_sewer_f,
          nicolae_underground_beach
D:4:      layout_cave_pools, mainiacjoe_overflow_surrounded_room,
          serial_column_ruins, column_ruins_grid_3, column_ruins_open_tiny,
          column_ruins_corridor_straight, column_ruins_grid_1,
          column_ruins_open_tiny, column_ruins_columns_straight, st_stairs_11,
          uniq_pikel
D:5:      layout_rooms, nicolae_ru_path_of_blood, kennysheep_mini

Skill      XL: |  1  2  3  4  5  6  7 |
---------------+----------------------+-----
Polearms       | 2 |  2.8
Armour         | 3 4 |  4.3
Dodging        | 1 2 3 4 |  4.6
Shields        | 3 4 |  4.3
Fighting       | 4 |  4.9
Axes           | 1 3 |  3.3
Spellcasting   | |  0.5
Ice Magic      | |  0.4

Action                   |  1- 3 |  4- 6 |  7- 9 || total
-------------------------+-------+-------+-------++-------
Melee: Trident           |    96 |    47 |       ||   143
       Kick              |     9 |    22 |     9 ||    40
       Hand axe          |       |    70 |    59 ||   129
 Cast: Freeze            |       |       |     6 ||     6
  Use: Scroll            |     3 |     5 |     2 ||    10
       Potion            |     1 |     7 |     4 ||    12
 Stab: Sleeping          |     2 |       |       ||     2
Armor: Scale mail        |     7 |       |       ||     7
       Leather armour    |    10 |    37 |     9 ||    56
Dodge: Dodged            |    37 |    40 |    45 ||   122
Block: Buckler           |    14 |    12 |    15 ||    41
